 Dungeon Crawl Stone Soup version 0.28.0-43-g3370ac3207 (webtiles) character file.

Game seed: 7892066452613485717

21 fknight the Skirmisher (level 2, -9/30 HPs)
             Began as a Gargoyle Berserker on Mar 17, 2022.
             Was a Follower of Trog.
             Mangled by Sigmund
             ... wielding a +0 scythe
              (12 damage)
             ... on level 2 of the Dungeon.
             The game lasted 00:02:31 (752 turns).

fknight the Skirmisher (Gargoyle Berserker)          Turns: 752, Time: 00:02:32

Health: -9/30      AC: 12    Str: 20    XL:     2   Next: 87%
Magic:  2/2        EV:  7    Int:  7    God:    Trog [*.....]
Gold:   47         SH:  0    Dex:  9    Spells: 1/1 levels left

rFire   . . .      SeeInvis .   a - +0 mace
rCold   . . .      Faith    .   (no shield)
rNeg    + . .      Spirit   .   g - +0 chain mail
rPois   ∞          Reflect  .   (no helmet)
rElec   +          Harm     .   (no cloak)
rCorr   .          Rampage  .   d - +0 pair of gloves
Will    .....                   (no boots)
Stlth   ..........              (no amulet)
HPRegen 0.10/turn               (no ring)
MPRegen 0.08/turn               (no ring)

@: berserking, very quick
A: sickness immunity, AC +2, negative energy resistance 1, electricity
resistance, torment resistance 1, petrification resistance
a: Renounce Religion, Berserk


You were on level 2 of the Dungeon.
You worshipped Trog.
Trog was aware of your devotion.
You visited 1 branch of the dungeon, and saw 2 of its levels.

You collected 47 gold pieces.

Inventory:

Hand Weapons
 a - a +0 mace (weapon)
 h - a +0 hunting sling
Missiles
 i - 2 poisoned darts (quivered)
 j - 20 stones
Armour
 b - a +0 animal skin
 d - a +0 pair of gloves (worn)
 g - a +0 chain mail (worn)
Scrolls
 c - a scroll of amnesia {unknown}
 e - a scroll of fear {unknown}
 f - a scroll of acquirement {unknown}


   Skills:
 + Level 3.6 Fighting
 + Level 3.5 Maces & Flails
 + Level 2.3 Armour
 + Level 1.6 Dodging
 + Level 0.1 Stealth


You had one spell level left.
You didn't know any spells.
Your spell library was empty.

Dungeon Overview and Level Annotations

Branches:
Dungeon (2/15)

Altars:
Uskayaw

Shops:
D:1 *

Annotations:
D:2 Sigmund


Innate Abilities, Weirdness & Mutations

You are immune to sickness and miasma.
Your stone body is resilient. (AC +2)
You are immune to poison.
You resist negative energy. (rN+)
You are resistant to electric shocks. (rElec)
You are resistant to unholy torment.
You are immune to petrification.


Message History

You hit the bat.
You kill the bat!
Trog accepts your kill.
No target in view!
No target in view!
A frilled lizard comes into view.
The frilled lizard hisses angrily.
The frilled lizard moves out of view.
The frilled lizard bites you but does no damage.
You miss the frilled lizard. You punch the frilled lizard.
You kill the frilled lizard!
Trog accepts your kill.
No target in view!
Found a stone staircase leading up.
No target in view!
Sigmund the Dreaded comes into view.
He is wielding a +0 scythe.
Sigmund hits you but does no damage. Sigmund casts a spell at you.
You are confused.
You are too confused!
You are too confused!
You are too confused!
You are too confused!
You are too confused!
You are too confused!
You hit Sigmund but do no damage.
Sigmund mumbles some strange words.
Sigmund flickers and vanishes!
Deactivating autopickup; reactivate with Ctrl-A.
You closely miss something. Something hits you!
You hear some strange, mumbled words.
Something tries to affect you, but you resist.
You miss something. Something hits you!
* * * LOW HITPOINT WARNING * * *
You're too confused to move!
You feel less confused.
A red film seems to cover your vision as you go berserk!
You feel yourself moving faster!
You feel mighty! Something hits you!
You die...

#.#...... #..........
#.##..#. #..........
#.##... #..........
..##..# ####..........
.###..# #.............
.###..# ##.##.........
.#....####.........###
...#...†#..#.###.#.#
...####...†.....@..#
..## ##.†.#.###{#..#
.## #...#.#/#.#..# ..
#...#.###.# <# ...
##...........# ..
##.#.###.#. # ...
#........ #..####.


There were no monsters in sight!

Vanquished Creatures
  2 dart slugs
  A ball python (D:1)
  2 giant cockroaches
  3 hobgoblins
  A quokka (D:1)
  4 bats
  A frilled lizard (D:2)
  A kobold (D:1)
  2 rats
17 creatures vanquished.

Notes
Turn   | Place    | Note
-------+----------+-------------------------------------------
     0 | D:1      | fknight the Gargoyle Berserker began the quest for the Orb.
     0 | D:1      | Reached XP level 1. HP: 14/14 MP: 1/1
   103 | D:1      | Found Sobulo's General Store.
   140 | D:1      | Reached XP level 2. HP: 19/19 MP: 2/2
   642 | D:1      | Found a hide-covered altar of Uskayaw.
   662 | D:2      | Found a faded altar of an unknown god.
   743 | D:2      | Noticed Sigmund
   752 | D:2      | Mangled by Sigmund

Illustrated notes

Levels and vault maps discovered:
D:1:      dpeg_arrival_water_altar, layout_basic, serial_shops,
          nicolae_shop_stone, chequers_serial_rivers_micro_e
D:2:      layout_rooms, ebering_ecumenical_altar_sacrificial, minmay_surrounded,
          uniq_sigmund

Action                   || total
-------------------------++-------
Melee: Mace              ||    41
       Punch             ||     1
Invok: Berserk           ||     1
 Stab: Sleeping          ||     2
Armor: Animal skin       ||     2
       Chain mail        ||    18
Dodge: Dodged            ||    20
